 Dungeon Crawl Stone Soup version 0.31-a0-339-gda1cbd555d (webtiles) character file.

Game seed: 12717930144584340939

155 cforsyth the Digger (level 5, 0/35 HPs)
             Began as a Vampire Earth Elementalist on July 21, 2023.
             Slain by a gnoll
             ... wielding a +0 whip
              (9 damage)
             ... on level 4 of the Dungeon.
             The game lasted 00:03:19 (2709 turns).

cforsyth the Digger (Vampire Earth Elementalist)    Turns: 2709, Time: 00:03:19

Health: 0/35       AC:  4    Str:  7    XL:     5   Next: 14%
Magic:  8/10       EV: 12    Int: 20    God:
Gold:   212        SH:  0    Dex: 14    Spells: 7/11 levels left

rFire   . . .        d - staff of earth
rCold   . . .        (no shield)
rNeg    . . .        i - +2 robe of the World {rCorr SInv}
rPois   .            (no helmet)
rElec   .            (no cloak)
rCorr   +            (no gloves)
SInv    +            (no boots)
Will    .....        (no amulet)
Stlth   ++           (no ring)
HPRegen 0.45/turn    (no ring)
MPRegen 0.12/turn

%: no passive effects
@: healing quickly
A: alive, fangs 3, see invisible, vampiric 2
a: Exsanguinate


You were on level 4 of the Dungeon.
You visited 1 branch of the dungeon, and saw 4 of its levels.

You collected 212 gold pieces.

Inventory:

Armour
 i - the +2 robe of the World (worn) {rCorr SInv}
   (You found it on level 2 of the Dungeon)

   SInv:      It lets you see invisible.
   rCorr:     It protects you from acid and corrosion.
Magical Staves
 d - a staff of earth (weapon)
 j - a staff of death
Wands
 h - a wand of flame (10)
Scrolls
 a - a scroll of silence {unknown}
 f - 3 scrolls of identify {unknown}
 g - 2 scrolls of teleportation {unknown}
 k - 2 scrolls of revelation {unknown}
 l - a scroll of fog {unknown}
 m - a scroll of brand weapon {unknown}
Potions
 b - a potion of magic
 c - 2 potions of enlightenment {unknown}
 e - a potion of ambrosia {unknown}
 n - a potion of haste {unknown}
 o - a potion of curing {unknown}


   Skills:
 - Level 2.1 Dodging
 - Level 3.0 Stealth
 + Level 3.7 Spellcasting
 - Level 1.1 Transmutations
 + Level 4.6 Earth Magic


You had 7 spell levels left.
You knew the following spells:

 Your Spells              Type           Power      Damage    Failure   Level
a - Sandblast             Erth           66%        2d15      1%          1
b - Stone Arrow           Conj/Erth      38%        3d9       16%         3

Your spell library contained the following spells:

 Spells                   Type           Power      Damage    Failure   Level
 Passwall                 Tmut/Erth      18%        N/A       6%          2
 Summon Small Mammal      Summ           12%        N/A       13%         1
 Call Canine Familiar     Summ           3%         N/A       36%         3
 Inner Flame              Hex/Fire       3%         N/A       36%         3
 Summon Guardian Golem    Hex/Summ       3%         N/A       36%         3
 Petrify                  Tmut/Erth      22%        N/A       38%         4
 Flame Wave               Conj/Fire      3%         2d5       78%         4
 Sticky Flame             Conj/Fire      3%         2d3       78%         4
 Summon Forest            Summ/Tloc      1%         N/A       98%         5
 Eringya's Noxious Bog    Tmut/Pois      2%         4d6       100%        6
 Summon Hydra             Summ           1%         N/A       100%        7


Dungeon Overview and Level Annotations

Branches:
Dungeon (4/15)
 Temple: D:4-7

Altars:

Shops:
D:1 [   D:2 (

Annotations:
D:4 Ijyb


Innate Abilities, Weirdness & Mutations

Your natural rate of healing is accelerated.
You have razor-sharp teeth.
You have supernaturally acute eyesight. (SInv)
You are afflicted with vampirism and can become a bat while bloodless.


Message History

k - 2 scrolls labelled XUK PYIPSUU (gained 1) Key pressed, stopping explore.
An endoplasm comes into view.
An endoplasm is nearby!
An endoplasm is nearby!
An endoplasm is nearby!
An endoplasm is nearby!
You feel a surge of power!
The blast of sand hits the endoplasm!
You kill the endoplasm!
You can't see any susceptible monsters within range! (Use Z to cast anyway.)
You can't see any susceptible monsters within range! (Use Z to cast anyway.)
You see here a +0 hand axe.
Done exploring.
Done exploring.
Done exploring.
Done exploring.
Done exploring.
(D) Dungeon
Where to? (Enter - D:3, ? - help)
There is a stone staircase leading down here.
You climb downwards.
The gnoll shouts! x3; You hear a shout!
There is a stone staircase leading up here.
There are monsters nearby!
Okay, then.
Unknown command.
You feel a surge of power!
The blast of sand hits the gnoll!
The gnoll is severely wounded.
You feel a surge of power!
The blast of sand hits the gnoll but does no damage.
The gnoll is severely wounded.
An endoplasm comes into view.
Ijyb the Twisted Goblin comes into view.
She is wielding a +0 dagger and carrying a wand of polymorph.
The gnoll hits you from afar with a +0 halberd!
A quokka comes into view.
The gnoll barely misses you. The gnoll hits you with a +0 whip!
The gnoll hits you from afar with a +0 halberd.
* * * LOW HITPOINT WARNING * * *
The gnoll hits you with a +0 whip!
You die...

#### ..# #.#
#@#
#..gg...#
......g.####
.#..J...#
#.####.# ..
#g# . r.#
...


You could see Ijyb, 3 gnolls, an endoplasm (wandering) and a quokka.

Vanquished Creatures
  A hound (D:2)
  An orc wizard (D:2)
  An adder (D:3)
  5 worms
  5 orcs
  3 ball pythons
  7 endoplasms
  11 goblins
  5 hobgoblins
  3 jackals (D:2)
  4 quokkas
  8 bats
  5 kobolds
  9 rats
68 creatures vanquished.

Notes
Turn   | Place    | Note
-------+----------+-------------------------------------------
     0 | D:1      | cforsyth the Vampire Earth Elementalist began the quest for
                  | the Orb.
     0 | D:1      | Reached XP level 1. HP: 13/13 MP: 3/3
   112 | D:1      | Reached XP level 2. HP: 19/19 MP: 1/5
   318 | D:1      | Found Uruell's Armour Emporium.
   647 | D:2      | Gained mutation: You are afflicted with vampirism and can
                  | become a bat while bloodless. [Vampire growth]
   647 | D:2      | Reached XP level 3. HP: 24/24 MP: 5/7
   699 | D:2      | Identified the +2 robe of the World {rCorr SInv}
   811 | D:2      | Found Higom's Antique Weapon Shop.
   858 | D:2      | Reached skill level 4 in Earth Magic
  1043 | D:2      | Reached XP level 4. HP: 30/30 MP: 6/8
  1728 | D:3      | Reached XP level 5. HP: 35/35 MP: 5/10
  2058 | D:3      | Learned a level 3 spell: Stone Arrow
  2131 | D:3      | Found a faded altar of an unknown god.
  2708 | D:4      | Noticed Ijyb
  2709 | D:4      | Slain by a gnoll

Illustrated notes

Levels and vault maps discovered:
D:1:      dpeg_arrival_rooms_b, layout_rooms, serial_shops, shop
D:2:      layout_basic, serial_shops, shop, minmay_goblin_outpost
D:3:      layout_basic, chequers_ecumenical_altar_island
D:4:      layout_loops_cross, grunt_temple_overflow_forces_of_nature, uniq_ijyb

Skill      XL: |  1  2  3 |
---------------+----------+-----
Spellcasting   | 3 |  3.7
Earth Magic    | 4 |  4.6
Dodging        | |  2.1
Stealth        | |  3.0
Transmutations | |  1.1

Action                     |  1- 3 |  4- 6 || total
---------------------------+-------+-------++-------
  Melee: Unarmed           |    10 |       ||    10
         Bite              |     3 |       ||     3
         Staff             |     2 |       ||     2
   Cast: Sandblast         |    35 |    50 ||    85
 Armour: Robe              |     4 |     4 ||     8
  Dodge: Dodged            |    12 |    16 ||    28

Table legend: (Time is in decaauts)
 A = Elapsed time spent in this place.
 B = Non-inter-level travel time spent in this place.
 C = Inter-level travel time spent in this place.
 D = Time resting spent in this place.
 E = Time spent auto-exploring this place.
 F = Levels seen in this place.
 G = Mean time per level.
                   A        B        C        D        E       F      G
               +--------+--------+--------+--------+--------+-----+--------+
         Total |   2754 |   2708 |     46 |     69 |   2240 |   4 |  688.5 |
       Dungeon |   2754 |   2708 |     46 |     69 |   2240 |   4 |  688.5 |
               +--------+--------+--------+--------+--------+-----+--------+

Top non-repeatable levels by time:
     D:3: 1095 daAuts
     D:2: 1056 daAuts
     D:1: 598 daAuts
     D:4: 3 daAuts
